 Dungeon Crawl Stone Soup version 0.21-a0-143-g1ab7d47 (webtiles) character file.

156 Gorglomux the Skirmisher (level 5, -3/50 HPs)
             Began as a Hill Orc Summoner on July 25, 2017.
             Slain by an orc
             ... wielding a +0 mace
              (5 damage)
             ... on level 2 of the Dungeon.
             The game lasted 00:04:25 (2935 turns).

Gorglomux the Skirmisher (Hill Orc Summoner)        Turns: 2935, Time: 00:04:25

Health: -3/50      AC:  5    Str: 17    XL:     5   Next: 37%
Magic:  2/7        EV: 12    Int: 15    God:
Gold:   116        SH:  0    Dex: 11    Spells: 4/7 levels left

rFire    + . .     SeeInvis .   a - +0 dagger
rCold    . . .     Gourm    .   (no shield)
rNeg     . . .     Faith    .   d - +0 robe
rPois    .         Spirit   .   (no helmet)
rElec    .         Reflect  .   (no cloak)
rCorr    .         Harm     .   j - +2 pair of gloves
MR       .....                  (no boots)
Stlth    ++........             (no amulet)
HPRegen  0.16/turn              f - ring of protection from fire
MPRegen  0.10/turn              (no ring)

@: mighty
A: no striking features
a: no special abilities


You were on level 2 of the Dungeon.
You were hungry.

You visited 1 branch of the dungeon, and saw 3 of its levels.

You collected 116 gold pieces.

Inventory:

Hand Weapons
 a - a +0 dagger (weapon)
 b - a +0 hunting sling
Missiles
 o - 86 stones (quivered)
Armour
 d - a +0 robe (worn)
 j - a +2 pair of gloves (worn)
Jewellery
 f - a ring of protection from fire (left hand)
Scrolls
 e - a scroll of amnesia {unknown}
 l - 3 scrolls of identify {unknown}
 m - a scroll of magic mapping {unknown}
 r - 3 scrolls of remove curse {unknown}
 t - a scroll of enchant armour {unknown}
 v - a scroll of fear {unknown}
 y - a scroll of immolation {unknown}
 A - a scroll of teleportation {unknown}
Potions
 i - 3 potions of haste {unknown}
 p - a potion of brilliance {unknown}
 s - 2 potions of lignification {unknown}
 u - a potion of flight {unknown}
Books
 n - a book of Callings

   Spells                             Type                      Level
   a - Summon Small Mammal            Summoning                    1
   b - Call Imp                       Summoning                    2
   c - Call Canine Familiar           Summoning                    3
   d - Summon Guardian Golem          Hexes/Summoning              3
   e - Summon Lightning Spire         Summoning/Air                4
   f - Summon Ice Beast               Ice/Summoning                4
Comestibles
 c - 5 bread rations
 q - a royal jelly
 z - 2 chunks of flesh


   Skills:
 + Level 5.9 Fighting
 - Level 1.5 Dodging
 - Level 1.5 Stealth
 - Level 1.5 Spellcasting
 - Level 4.0 Summonings


You had 4 spell levels left.
You knew the following spells:

 Your Spells              Type           Power        Failure   Level  Hunger
a - Summon Small Mammal   Summ           ##..         4%          1    ##.....
b - Call Imp              Summ           ##......     7%          2    ###....


Dungeon Overview and Level Annotations

Branches:
Dungeon (3/15)

Altars:


Message History

The orc barely misses you! The orc wizard barely misses you!
Unknown command!
You skewer the orc wizard like a kebab!!!
The orc wizard is almost dead!
The orc wizard gestures at you while chanting!
The magic dart hits you!!! * * * don't die
* * * The orc hits you with a mace! * * * don't die
* * * You closely miss the orc wizard!
The orc wizard is almost dead!
The orc wizard gestures at you while chanting!
The puff of frost hits you!!! * * * don't die
* * * The orc closely misses you!
The orc wizard hits you but does no damage!
You stick the orc wizard like a pincushion!!!
You annihilate the orc wizard!!!
The orc butts you with a mace! rip

#.......# #.##.##.##.#
#.......######.##.##.##.#
#.##.##...........>..##.#
#.##.##.###############.#####
#.##.##.# #.....# #......
#.##.##.# #.....######.#####
#.##.##.# #.....<...........
#.......# #.)...######.#####
####.#### #@o...# ###.#####
#.# ####### #........ #.#
#.#.##.## #.# #.#.##.## #.#
#[#.##.## #.########
#.#.##.## #........#
#####.#...... ########.#
#...#......#.
#.#####........###.


You could see an orc.

Vanquished Creatures
  An orc wizard (D:2)
  Natasha (twice) (D:2)
  An adder (D:3)
  A dart slug (D:3)
  2 leopard geckos
  A bat (D:2)
  4 giant cockroaches
  5 goblins
  4 hobgoblins (D:2)
  4 jackals
  3 kobolds (D:2)
  A quokka (D:2)
  3 frilled lizards
  2 rats (D:2)
34 creatures vanquished.

Vanquished Creatures (collateral kills)
  Natasha (D:2)
  4 adders
  A giant cockroach (D:2)
  A hobgoblin (D:1)
  A jackal (D:1)
  A quokka (D:3)
9 creatures vanquished.

Grand Total: 43 creatures vanquished

Notes
Turn   | Place    | Note
-------+----------+-------------------------------------------
     0 | D:1      | Gorglomux the Hill Orc Summoner began the quest for the Orb.
     0 | D:1      | Reached XP level 1. HP: 14/14 MP: 3/3
    93 | D:1      | Reached skill level 1 in Fighting
   705 | D:1      | Reached XP level 2. HP: 18/24 MP: 4/4
   796 | D:2      | Reached skill level 2 in Fighting
   949 | D:2      | Noticed Natasha
   956 | D:1      | Learned a level 2 spell: Call Imp
  1045 | D:2      | Noticed a crimson imp
  1065 | D:2      | Noticed a crimson imp
  1072 | D:2      | Killed Natasha
  1072 | D:2      | Reached skill level 3 in Fighting
  1072 | D:2      | Reached XP level 3. HP: 8/31 MP: 1/5
  1268 | D:2      | Noticed Natasha
  1372 | D:2      | Killed Natasha
  1372 | D:2      | Reached skill level 4 in Fighting
  1628 | D:2      | Reached XP level 4. HP: 38/40 MP: 6/6
  1808 | D:2      | Noticed Natasha
  1830 | D:2      | Killed Natasha
  2137 | D:2      | Reached skill level 5 in Fighting
  2626 | D:3      | Reached XP level 5. HP: 43/48 MP: 7/7
  2934 | D:2      | HP: 2/49 [orc wizard/puff of frost (6)]
  2935 | D:2      | Slain by an orc

Vault maps used:
D:1:      dpeg_arrival_rooms_c, grunt_decor_cap
D:2:      kennysheep_small_spiral, uniq_natasha
D:3:      first_bread, solitary_fountain, feat_on_display

Skill      XL: |  1  2  3  4 |
---------------+-------------+-----
Fighting       | 1 3 4 5 |  5.9
Dodging        | |  1.5
Stealth        | |  1.5
Spellcasting   | |  1.5
Summonings     | |  4.0

Action                   |  1- 3 |  4- 6 || total
-------------------------+-------+-------++-------
Melee: Dagger            |    80 |    98 ||   178
       Unarmed           |    20 |       ||    20
 Fire: Hunting sling     |     2 |    44 ||    46
Throw: Stone             |     1 |       ||     1
 Cast: Summon Small Mamm |     5 |     3 ||     8
       Call Imp          |     7 |     5 ||    12
  Use: Potion            |     1 |     1 ||     2
 Stab: Sleeping          |     1 |     1 ||     2
  Eat: Chunk             |     3 |     4 ||     7
Armor: Robe              |    15 |    47 ||    62
Dodge: Dodged            |    64 |    94 ||   158
